 Dungeon Crawl Stone Soup version 0.21.0 (webtiles) character file.

5975 Suckerboh the Grappler (level 10, -3/93 HPs)
             Began as a Troll Monk on Jan 7, 2018.
             Slain by a two-headed ogre
             ... wielding a cursed +0 giant club
              (22 damage)
             ... on level 8 of the Dungeon.
             The game lasted 00:11:02 (5208 turns).

Suckerboh the Grappler (Troll Monk)                 Turns: 5208, Time: 00:11:02

Health: -3/93      AC:  9    Str: 25    XL:     10   Next: 55%
Magic:  9/9        EV: 13    Int:  6    God:
Gold:   371        SH:  0    Dex: 17    Spells: 9/9 levels left

rFire    . . .     SeeInvis .     - Unarmed
rCold    . . .     Gourm    +   (no shield)
rNeg     . . .     Faith    .   a - +0 robe
rPois    .         Spirit   .   r - +1 hat
rElec    .         Reflect  .   u - +0 cloak
rCorr    .         Harm     .   (gloves unavailable)
MR       .....                  (boots unavailable)
Stlth    ++........             (no amulet)
HPRegen  0.65/turn              n - +4 ring of strength
MPRegen  0.11/turn              B - +2 ring of dexterity

@: drained
A: large, unfitting armour, claws 3, iridescent scales 1, blink, blurry vision
1, fast metabolism 3, gourmand, regeneration 1, shaggy fur 1, tough skin 2
a: Blink


You were on level 8 of the Dungeon.
You were completely stuffed.

You visited 2 branches of the dungeon, and saw 9 of its levels.

You collected 371 gold pieces.

Inventory:

Armour
 a - a +0 robe (worn)
 r - a +1 hat (worn)
 u - a +0 cloak (worn)
Jewellery
 n - a +4 ring of strength (left claw)
 y - an uncursed ring of protection from cold
 A - a +3 ring of intelligence {unknown}
 B - a +2 ring of dexterity (right claw)
Wands
 d - a wand of disintegration (9)
 x - a wand of acid (4)
Scrolls
 c - 3 scrolls of blinking
 f - 6 scrolls of remove curse
 i - 3 scrolls of teleportation
 l - 3 scrolls of magic mapping
 m - 4 scrolls of identify
 q - 2 scrolls of amnesia
 s - a scroll of immolation {unknown}
Potions
 e - a potion of might {unknown}
 g - a potion of berserk rage {unknown}
 h - 2 potions of lignification {unknown}
 j - 2 potions of heal wounds {unknown}
 k - 2 potions of flight {unknown}
 o - a potion of ambrosia {unknown}
 t - a potion of degeneration {unknown}
 w - 3 potions of curing {unknown}
 z - a potion of invisibility {unknown}
Books
 p - a book of Minor Magic

   Spells                             Type                      Level
   a - Magic Dart                     Conjuration                  1
   b - Blink                          Translocation                2
   c - Call Imp                       Summoning                    2
   d - Slow                           Hexes                        2
   e - Conjure Flame                  Conjuration/Fire             3
   f - Mephitic Cloud                 Conjuration/Poison/Air       3
 v - a book of Changes

   Spells                             Type                      Level
   a - Beastly Appendage              Transmutation                1
   b - Sticks to Snakes               Transmutation                2
   c - Spider Form                    Transmutation/Poison         3
   d - Ice Form                       Ice/Transmutation            4
   e - Blade Hands                    Transmutation                5
Comestibles
 b - 21 rations


   Skills:
 + Level 4.3(4.1) Fighting
 + Level 5.5(5.3) Dodging
 - Level 1.0(0.8) Stealth
 * Level 13.9(13.6) Unarmed Combat


You had 9 spell levels left.
You didn't know any spells.

Dungeon Overview and Level Annotations

Branches:
Dungeon (8/15)             Temple (1/1) D:5
   Lair: D:8-11

Altars:
Ashenzari
Cheibriados
Dithmenos
Elyvilon
Fedhas
Gozag
Hepliaklqana
Kikubaaqudgha
Makhleb
Nemelex Xobeh
Okawaru
Qazlal
Ru
Sif Muna
Trog
Uskayaw
Vehumet
Wu Jian
Yredelemnul
Zin
The Shining One


Innate Abilities, Weirdness & Mutations

You are too large for most types of armour.
You have claws for hands.
Your metabolism is lightning-fast.
You like to eat raw meat.
Your natural rate of healing is unusually fast.
You are covered in fur. (AC +1)
You have very tough skin. (AC +2)
You are partially covered in iridescent scales. (AC +2)
You can translocate small distances at will.
Scrolls take you a little longer to read.


Message History

A two-headed ogre comes into view. It is wielding two giant clubs.
A two-headed ogre is nearby!
A two-headed ogre is nearby!
A two-headed ogre is nearby!
You scratch the two-headed ogre.
The two-headed ogre is lightly wounded.
The two-headed ogre hits you with a giant club!! x2
You mangle the two-headed ogre!!
The two-headed ogre is heavily wounded.
You claw the two-headed ogre!
The two-headed ogre is severely wounded.
The two-headed ogre closely misses you.
The two-headed ogre hits you with a giant club!
* * * LOW HITPOINT WARNING * * *
You scratch the two-headed ogre.
The two-headed ogre is severely wounded.
The two-headed ogre hits you with a giant club.
* * * LOW HITPOINT WARNING * * *
The two-headed ogre hits you with a giant club!!
You die...

#.#...z........##.
##.#...............
##..#..............# ##
#.<.#...........#..# ..#..
#...#####...........
#.....#...# #..........##.
#.........###..........##
#..[......†)......[......
##..#......##...@......#.#
...........##...#O####....
.###............#..# ##.
#.##............# #.
#.....#...#..# .. ..
#........)#..# ... .
#.....##..#..###....
#.....#.###.....#
##...#.#.###..####


You could see a two-headed ogre.

Vanquished Creatures
  A two-headed ogre (D:8)
  Pikel (D:6)
  Prince Ribbit (D:6)
  A hippogriff (D:7)
  Grinder (D:6)
  A yak (D:7)
  Sigmund (D:2)
  A human (D:7)
  3 hogs (D:7)
  Edmund (D:5)
  Duvessa (D:6)
  A water moccasin (D:5)
  3 sky beasts
  2 orc warriors
  A phantom (D:7)
  A black bear (D:7)
  2 ice beasts
  A slave (D:6)
  A centaur (D:7)
  5 ogres
  7 bullfrogs
  A wyvern zombie (D:7)
  Dowan (D:6)
  A water moccasin skeleton (D:7)
  A scorpion (D:4)
  5 wights (D:8)
  2 crimson imps
  2 bullfrog zombies
  2 hounds
  A jelly (D:7)
  2 orc priests
  3 iguanas
  6 orc wizards
  Ijyb (D:5)
  Terence (D:3)
  Natasha (D:3)
  3 worker ants
  2 hound skeletons (D:4)
  Robin (D:2)
  8 adders
  4 shadow imps
  An ooze (D:6)
  2 worms
  4 dart slugs
  7 leopard geckos
  17 orcs
  5 bats
  2 giant cockroaches
  13 goblins
  12 hobgoblins
  14 jackals
  3 kobolds (D:1)
  4 quokkas
  3 ball pythons
  A ball python skeleton (D:5)
  4 frilled lizards (D:1)
  8 rats
185 creatures vanquished.

Vanquished Creatures (others)
  A centaur (D:8)
  A howler monkey (D:8)
2 creatures vanquished.

Grand Total: 187 creatures vanquished

Notes
Turn   | Place    | Note
-------+----------+-------------------------------------------
     0 | D:1      | Suckerboh the Troll Monk began the quest for the Orb.
     0 | D:1      | Reached XP level 1. HP: 22/22 MP: 0/0
    92 | D:1      | Reached XP level 2. HP: 29/29 MP: 1/1
   303 | D:1      | Reached XP level 3. HP: 34/36 MP: 2/2
   670 | D:2      | Noticed Sigmund
   683 | D:2      | Killed Sigmund
   683 | D:2      | Reached skill level 5 in Unarmed Combat
   683 | D:2      | Reached XP level 4. HP: 21/44 MP: 3/3
   683 | D:2      | Reached XP level 5. HP: 25/52 MP: 4/4
   801 | D:2      | Noticed Robin
   840 | D:2      | Killed Robin
  1043 | D:2      | Found a deep blue altar of Sif Muna.
  1189 | D:3      | Reached XP level 6. HP: 54/61 MP: 5/5
  1265 | D:3      | Found an ornate altar of the Wu Jian Council.
  1360 | D:3      | Noticed Natasha
  1369 | D:3      | Killed Natasha
  1369 | D:3      | Reached skill level 6 in Unarmed Combat
  1550 | D:3      | Found a sacrificial altar of Ru.
  1550 | D:3      | Found a white marble altar of Elyvilon.
  1635 | D:3      | Found a burning altar of Makhleb.
  1762 | D:3      | Noticed Terence
  1766 | D:3      | Killed Terence
  1822 | D:4      | Noticed a sky beast
  1840 | D:4      | Killed a sky beast
  1866 | D:4      | HP: 3/61 [worm (9)]
  2078 | D:4      | Reached XP level 7. HP: 67/67 MP: 6/6
  2085 | D:4      | Reached skill level 7 in Unarmed Combat
  2160 | D:4      | Found a hazy altar of Hepliaklqana.
  2516 | D:5      | Entered Level 5 of the Dungeon
  2557 | D:5      | Reached skill level 8 in Unarmed Combat
  2591 | D:5      | Noticed Edmund
  2605 | D:5      | Killed Edmund
  2857 | D:5      | Found a staircase to the Ecumenical Temple.
  2871 | D:5      | Reached XP level 8. HP: 75/75 MP: 7/7
  2899 | Temple   | Entered the Ecumenical Temple
  3012 | D:5      | Noticed Ijyb
  3018 | D:5      | Killed Ijyb
  3018 | D:5      | Reached skill level 9 in Unarmed Combat
  3267 | D:6      | Noticed Dowan
  3268 | D:6      | Noticed Duvessa
  3277 | D:6      | Killed Duvessa
  3278 | D:6      | Killed Dowan
  3362 | D:6      | Noticed Pikel
  3387 | D:6      | Killed Pikel
  3387 | D:6      | Reached skill level 10 in Unarmed Combat
  3593 | D:6      | Reached XP level 9. HP: 83/83 MP: 8/8
  3640 | D:6      | Reached skill level 11 in Unarmed Combat
  3770 | D:6      | Noticed Grinder
  3799 | D:6      | Killed Grinder
  3972 | D:6      | Noticed Prince Ribbit
  4069 | D:6      | Killed Prince Ribbit
  4236 | D:6      | Gained mutation: Scrolls take you a little longer to read. [potion of mutation]
  4236 | D:6      | Gained mutation: You can translocate small distances at will. [potion of mutation]
  4236 | D:6      | Gained mutation: You are partially covered in iridescent scales. (AC +2) [potion of mutation]
  4288 | D:7      | Reached skill level 12 in Unarmed Combat
  4475 | D:7      | Reached skill level 5 in Dodging
  4552 | D:7      | Reached XP level 10. HP: 71/92 MP: 9/9
  4606 | D:7      | Found an iron altar of Okawaru.
  4627 | D:7      | Found an opulent altar of Gozag.
  4677 | D:7      | Reached skill level 13 in Unarmed Combat
  4820 | D:7      | Found a hide-covered altar of Uskayaw.
  5103 | D:8      | Noticed a two-headed ogre
  5115 | D:8      | Killed a two-headed ogre
  5190 | D:8      | Noticed a two-headed ogre
  5208 | D:8      | Slain by a two-headed ogre

Skill      XL: |  1  2  3  4  5  6  7  8  9 10 |
---------------+-------------------------------+-----
Dodging        | 3 4 5 |  5.5
Unarmed Combat | 5 6 8 10 12 13 | 13.9
Fighting       | 3 4 |  4.3
Stealth        | |  1.0

Action                   |  1- 3 |  4- 6 |  7- 9 | 10-12 || total
-------------------------+-------+-------+-------+-------++-------
Melee: Unarmed           |    74 |   154 |   255 |    92 ||   575
       Punch             |       |     3 |    10 |    10 ||    23
  Use: Scroll            |       |       |     8 |       ||     8
       Potion            |       |       |     1 |       ||     1
 Stab: Sleeping          |       |       |     5 |     2 ||     7
  Eat: Chunk             |    12 |    13 |    22 |     6 ||    53
Armor: Robe              |    30 |    38 |    56 |    17 ||   141
Dodge: Dodged            |    48 |    81 |   130 |    54 ||   313
